 Dungeon Crawl Stone Soup version 0.19-a0-1555-g1831138 (webtiles) character file.

49 Ginkk the Skirmisher (level 3, -4/29 HPs)
             Began as a Demonspawn Abyssal Knight on Sept 15, 2016.
             Was a Follower of Lugonu.
             Slain by Deemzul's ghost (6 damage)
             ... on level 3 of the Dungeon.
             The game lasted 00:13:41 (2264 turns).

Ginkk the Skirmisher (Demonspawn Abyssal Knight)    Turns: 2264, Time: 00:13:42

Health: -4/29      AC:  6    Str: 12    XL:     3   Next: 51%
Magic:  0/4        EV: 10    Int: 14    God:    Lugonu [*.....]
Gold:   68         SH:  0    Dex: 12    Spells: 0 memorised, 2 levels left

rFire  . . .     SeeInvis .     r - +0 halberd
rCold  . . .     Gourm    .     h - +1 ring mail
rNeg   . . .     Faith    .     (shield currently unavailable)
rPois  .         Spirit   +     (no helmet)
rElec  .         Dismiss  .     (no cloak)
rCorr  .         Reflect  .     (no gloves)
MR     .....     Harm     .     (no boots)
Stlth  +.........               (no amulet)
                                (no ring)
                                (no ring)

@: no status effects
A: magic shield
a: Depart the Abyss, Renounce Religion


You were on level 3 of the Dungeon.
You worshipped Lugonu.
Lugonu was aware of your devotion.
You were not hungry.

You visited 1 branch of the dungeon, and saw 3 of its levels.
You visited the Abyss 1 time.

You collected 68 gold pieces.

Inventory:

Hand Weapons
 a - a +1 short sword
 e - a +0 hand axe
 n - a +0 spear
 o - a +0 flail
 r - a +0 halberd (weapon)
Missiles
 c - 14 sling bullets
 g - 41 arrows
 i - 87 stones (quivered)
Armour
 b - a +0 leather armour
 f - a +0 leather armour
 h - a +1 ring mail (worn)
Potions
 d - a potion of agility
 k - a potion of curing
 l - a potion of haste
Comestibles
 m - a meat ration
 p - a chunk of flesh


   Skills:
 + Level 3.4 Fighting
 + Level 2.0 Short Blades
 + Level 1.2 Axes
 + Level 0.1(0.7) Maces & Flails
 + Level 0.1 Throwing
 + Level 2.2 Armour
 + Level 1.1 Dodging
 + Level 0.2 Stealth
 + Level 2.5 Invocations


You had 2 spell levels left.
You didn't know any spells.

Dungeon Overview and Level Annotations

Branches:
Dungeon (3/15)

Altars:

Annotations:
D:3 Deemzul's ghost, amateur DsBe


Innate Abilities, Weirdness & Mutations

When hurt, damage is shared between your health and your magic reserves.


Message History

* * * LOW HITPOINT WARNING * * *
You barely miss Deemzul's ghost.
Deemzul's ghost is heavily damaged.
Deemzul's ghost barely misses you.
You closely miss Deemzul's ghost.
Deemzul's ghost is heavily damaged.
Deemzul's ghost misses you.
Deemzul's ghost hits you but does no damage.
You feel better. Deemzul's ghost hits you.
* * * LOW HITPOINT WARNING * * *
You closely miss Deemzul's ghost.
Deemzul's ghost is heavily damaged.
Deemzul's ghost hits you.
* * * LOW HITPOINT WARNING * * *
You miss Deemzul's ghost.
Deemzul's ghost is heavily damaged.
Deemzul's ghost barely misses you.
Deemzul's ghost screams, "I was like you once."
Deemzul's ghost hits you.
You die...

###+##......# #####.#
#.......#......# ##############.#
...............# #..............#
...............# #.########.....#
...............# #.# #.+.....#
...............###.######.#......
......>.[......................##
#).............#####.###.......##
#........(.....W@................
...............######.##.....##.#
...............# #.##......#.#
..........[....# .##......#..
......(######### .....#.#.#..
......(# #.......... ########
#.......##.# #........ ..
#.......#. .


You could see Deemzul's ghost.

Vanquished Creatures
  An adder (D:3)
  A giant gecko (D:1)
  2 orcs (D:3)
  3 bats
  3 giant cockroaches
  5 goblins
  A hobgoblin (D:1)
  4 quokkas
  8 frilled lizards
  4 kobolds
  3 rats (D:1)
35 creatures vanquished.

Notes
Turn   | Place    | Note
-------+----------+-------------------------------------------
     0 | Abyss:1  | Ginkk the Demonspawn Abyssal Knight began the quest for the Orb.
     0 | Abyss:1  | Reached XP level 1. HP: 18/18 MP: 2/2
    83 | Abyss:1  | Noticed a thrashing horror
    85 | D:1      | Escaped the Abyss
   661 | D:1      | Gained mutation: When hurt, damage is shared between your health and your magic reserves. [demonic ancestry]
   661 | D:1      | Reached XP level 2. HP: 24/24 MP: 3/3
  1019 | D:1      | Reached skill level 1 in Dodging
  1053 | D:1      | Reached * piety under Lugonu
  1772 | D:3      | Reached XP level 3. HP: 23/29 MP: 4/4
  1897 | D:3      | Reached skill level 1 in Axes
  2218 | D:3      | Noticed Deemzul's ghost (amateur DsBe)
  2259 | D:3      | HP: 1/29 [Deemzul's ghost (4)]
  2264 | D:3      | Slain by Deemzul's ghost

Vault maps used:
D:1:      minmay_arrival_four_loops, serial_glass, glass_columns_a,
          glass_columns_b, glass_columns_a, glass_columns_c
D:2:      hangedman_abyss_or_decor_stabs
D:3:      ecumenical_altar_1
Abyss:1:  bh_silent_lugonu_exit

Skill      XL: |  1  2  3 |
---------------+----------+-----
Short Blades   | 2 |  2.0
Dodging        | 1 |  1.1
Armour         | 2 |  2.2
Axes           | 1 |  1.2
Fighting       | |  3.4
Maces & Flails | |  0.1
Throwing       | |  0.1
Stealth        | |  0.2
Invocations    | |  2.5

Action                   || total
-------------------------++-------
Melee: Hand axe          ||    90
       Flail             ||    26
       Halberd           ||    19
Throw: Stone             ||    22
Invok: Depart the Abyss  ||     1
  Use: Potion            ||     5
       Scroll            ||     4
  Eat: Bread ration      ||     1
Armor: Ring mail         ||    47
       Leather armour    ||     4
Dodge: Dodged            ||    90
